 Dungeon Crawl Stone Soup version 0.28.0 (webtiles) character file.

Game seed: 14071944689100003690

397 trckry the Merchant of Misery (level 6, 0/47 HPs)
             Began as a Demonspawn Wanderer on Feb 12, 2022.
             Was a Believer of Kikubaaqudgha.
             Killed from afar by Sigmund (6 damage)
             ... with a puff of flame
             ... on level 4 of the Dungeon.
             The game lasted 00:16:08 (5515 turns).

trckry the Merchant of Misery (Demonspawn Wanderer) Turns: 5515, Time: 00:16:09

Health: 0/47       AC:  8    Str: 10    XL:     6   Next: 53%
Magic:  11/11      EV: 11    Int: 16    God:    Kikubaaqudgha [**....]
Gold:   130        SH:  5    Dex: 20    Spells: 6/12 levels left

rFire   . . .      SeeInvis .   a - +2 whip (venom)
rCold   . . .      Faith    .   (no shield)
rNeg    . . .      Spirit   .   j - +0 robe
rPois   .          Reflect  +   (helmet restricted)
rElec   .          Harm     .   h - +2 cloak
rCorr   .          Rampage  .   (no gloves)
Will    .....                   w - +2 pair of boots
Stlth   ++........              p - amulet of reflection
HPRegen 0.15/turn               r - +6 ring of dexterity
MPRegen 0.24/turn               (no ring)

@: no status effects
A: antennae 1, spiny 1, magic regeneration
a: Renounce Religion, Receive Corpses


You were on level 4 of the Dungeon.
You worshipped Kikubaaqudgha.
Kikubaaqudgha was pleased with you.
You visited 1 branch of the dungeon, and saw 4 of its levels.

You collected 130 gold pieces.

Inventory:

Hand Weapons
 a - a +2 whip of venom (weapon)
 b - a +0 hand crossbow
Missiles
 k - 54 bolts
 t - 8 poisoned darts (quivered)
Armour
 h - a +2 cloak (worn)
 j - a +0 robe (worn)
 w - a +2 pair of boots (worn)
Magical Staves
 o - a staff of cold
Jewellery
 i - an amulet of magic regeneration
 p - an amulet of reflection (around neck)
 r - a +6 ring of dexterity (left hand)
Scrolls
 d - 2 scrolls of teleportation {unknown}
 e - 3 scrolls of identify {unknown}
 m - a scroll of magic mapping {unknown}
 u - a scroll of blinking {unknown}
Potions
 f - 2 potions of curing {unknown}
 g - a potion of flight {unknown}
 l - 2 potions of resistance {unknown}
 n - a potion of might
 q - a potion of cancellation {unknown}
 s - a potion of mutation {unknown}
 v - a potion of heal wounds {unknown}


   Skills:
 + Level 3.5 Fighting
 + Level 3.6 Spellcasting
 - Level 3.0 Hexes
 * Level 4.9 Necromancy
 - Level 1.0 Air Magic
 - Level 3.0 Evocations


You had 6 spell levels left.
You knew the following spells:

 Your Spells              Type           Power      Damage    Failure   Level
a - Pain                  Necr           72%        1d7       2%          1
b - Corpse Rot            Necr/Air       24%        N/A       8%          2
c - Vampiric Draining     Necr           18%        2d7       7%          3

Your spell library contained the following spells:

 Spells                   Type           Power      Damage    Failure   Level
 Animate Skeleton         Necr           36%        N/A       2%          1
 Sublimation of Blood     Necr           18%        N/A       3%          2
 Slow                     Hex            48%        N/A       5%          1
 Shock                    Conj/Air       16%        1d4       14%         1
 Dazzling Flash           Conj/Hex       14%        N/A       28%         3
 Summon Guardian Golem    Hex/Summ       7%         N/A       28%         3
 Mephitic Cloud           Conj/Pois/Air  3%         N/A       43%         3


Dungeon Overview and Level Annotations

Branches:
Dungeon (4/15)
 Temple: D:4-7

Altars:
Kikubaaqudgha

Shops:
D:4 [

Annotations:
D:4 Sigmund


Innate Abilities, Weirdness & Mutations

You have a pair of small antennae on your head.
You are partially covered in sharp spines.
You regenerate magic rapidly.


Message History

Sigmund zaps a wand.
The puff of flame hits you! Sigmund casts a spell at you.
You are confused.
You bump into the rock wall.
Sigmund drinks a potion.
Sigmund seems to grow stronger.
Sigmund barely misses you.
Sigmund says, "Look into my eyes."
Sigmund is struck by your spines. Sigmund hits you but does no damage.
You bump into the rock wall.
You bump into the rock wall.
Sigmund barely misses you.
You bump into the rock wall.
Sigmund zaps a wand.
The puff of flame hits you but does no damage.
You bump into the rock wall.
You feel less confused.
Sigmund gestures wildly while chanting.
Sigmund flickers and vanishes!
Deactivating autopickup; reactivate with Ctrl-A.
You hit something.
You hear a zap.
A puff of flame appears from out of thin air!
The puff of flame hits you!
You barely miss something. Something hits you!
* * * LOW HITPOINT WARNING * * *
Something burns you.
* * * LOW HITPOINT WARNING * * *
Something hits you.
* * * LOW HITPOINT WARNING * * *
Something burns you.
* * * LOW HITPOINT WARNING * * *
You see here a +0 giant club.
A magic dart appears from out of thin air!
The magic dart hits you but does no damage.
A magic dart appears from out of thin air!
The magic dart hits you.
* * * LOW HITPOINT WARNING * * *
You hear a zap.
A puff of flame appears from out of thin air!
The puff of flame hits you.
You die...
Kikubaaqudgha rasps: "You have failed me!
Welcome... death!"

#...####.#####. ... # #.#
#{# ##+ #)# #.. #.# #..
#.####### #.. #..{....# ###
###########{##########
######....@.......#........
#.......#####...###.#######
#.......#.[.....'...#
#.......#.###...#####
#.......#.# #...#
##.......#.# #...#
#<.......#.##########
#####.......#.##.......#
#..........##.##.......#


There were no monsters in sight!

Vanquished Creatures
  An ogre (D:4)
  A centaur (D:4)
  Natasha (thrice) (D:2)
  A hound skeleton (D:4)
  Robin (D:3)
  4 gnolls (D:3)
  2 adders (D:2)
  2 dart slugs
  10 orcs
  7 ball pythons
  2 bats
  8 endoplasms
  3 giant cockroaches
  12 goblins
  6 hobgoblins
  4 quokkas
  A frilled lizard (D:1)
  3 kobolds
  A rat (D:3)
72 creatures vanquished.

Vanquished Creatures (others)
  A withered plant (D:1)
1 creature vanquished.

Grand Total: 73 creatures vanquished

Notes
Turn   | Place    | Note
-------+----------+-------------------------------------------
     0 | D:1      | trckry the Demonspawn Wanderer began the quest for the Orb.
     0 | D:1      | trckry set off with the following items: a +0 dagger, a +0
                  | robe, a wand of flame (4); and the following spells
                  | available to memorise: Slow, Shock, Dazzling Flash, Summon
                  | Guardian Golem, Mephitic Cloud
     0 | D:1      | Reached XP level 1. HP: 15/15 MP: 3/3
   183 | D:1      | Found a faded altar of an unknown god.
   217 | D:1      | Prayed at the altar of an unknown god.
   217 | D:1      | Became a worshipper of Kikubaaqudgha
   217 | D:1      | Reached * piety under Kikubaaqudgha
   217 | D:1      | Received a gift from Kikubaaqudgha
   612 | D:1      | Gained mutation: You are partially covered in sharp spines.
                  | [demonic ancestry]
   612 | D:1      | Reached XP level 2. HP: 20/22 MP: 5/5
  1067 | D:2      | Noticed Natasha
  1072 | D:2      | Killed Natasha
  1073 | D:2      | Reached skill level 1 in Necromancy
  1073 | D:2      | Gained mutation: You regenerate magic rapidly. [demonic
                  | ancestry]
  1073 | D:2      | Reached XP level 3. HP: 11/27 MP: 6/6
  1265 | D:2      | Learned a level 1 spell: Pain
  1361 | D:2      | Reached skill level 2 in Necromancy
  1879 | D:2      | Noticed Natasha
  1888 | D:2      | Reached XP level 4. HP: 13/33 MP: 5/7
  1983 | D:2      | HP: 4/34 [Natasha/magic dart (9)]
  2731 | D:2      | Killed Natasha
  3078 | D:2      | Noticed Natasha
  3080 | D:2      | Killed Natasha
  3081 | D:2      | Reached skill level 3 in Necromancy
  3477 | D:3      | Noticed Robin
  3478 | D:3      | Gained mutation: You have a pair of small antennae on your
                  | head. [demonic ancestry]
  3478 | D:3      | Reached XP level 5. HP: 39/39 MP: 9/9
  3841 | D:3      | Killed Robin
  3969 | D:3      | Reached ** piety under Kikubaaqudgha
  4561 | D:3      | Learned a level 2 spell: Corpse Rot
  4565 | D:3      | Learned a level 3 spell: Vampiric Draining
  4716 | D:4      | Found Ciugu's Armour Boutique.
  4729 | D:4      | Noticed a centaur
  4738 | D:4      | Killed a centaur
  4739 | D:4      | Reached skill level 4 in Necromancy
  4739 | D:4      | Reached XP level 6. HP: 31/47 MP: 6/11
  4912 | D:4      | Identified the amulet "Siamauma" {Spirit Int+7}
  4912 | D:4      | Noticed Sigmund
  5500 | D:4      | HP: 6/47 [something (2)]
  5514 | D:4      | HP: 6/47 [something/magic dart (1)]
  5515 | D:4      | Killed from afar by Sigmund

Illustrated notes

Levels and vault maps discovered:
D:1:      giann_horns, layout_rooms, ebering_ecumenical_altar_petrified,
          minivault_4
D:2:      layout_basic, uniq_natasha
D:3:      layout_basic, due_unseen_surprise, uniq_robin
D:4:      layout_basic, serial_shops, nicolae_diamond_shop, uniq_sigmund

Skill      XL: |  1  2  3  4  5 |
---------------+----------------+-----
Fighting       | 2 3 |  3.5
Necromancy     | 1 2 3 4 |  4.9
Spellcasting   | 3 |  3.6
Hexes          | |  3.0
Air Magic      | |  1.0
Evocations     | |  3.0

Action                   |  1- 3 |  4- 6 || total
-------------------------+-------+-------++-------
Melee: Hand axe          |    59 |     1 ||    60
       Whip              |       |    42 ||    42
 Fire: Hand crossbow     |       |    33 ||    33
 Cast: Pain              |     7 |    57 ||    64
       Corpse Rot        |       |     1 ||     1
Evoke: Wand              |       |     4 ||     4
 Stab: Sleeping          |     1 |     1 ||     2
Armor: Robe              |    13 |    22 ||    35
Dodge: Dodged            |    30 |    33 ||    63
Block: Other             |       |    14 ||    14
       Reflection        |       |     1 ||     1
